 Dungeon Crawl Stone Soup version 0.19.0 (webtiles) character file.

91 Buncs the Bolt Thrower (level 4, 0/26 HPs)
             Began as a Kobold Arcane Marksman on Nov 9, 2016.
             Slain by a goblin (4 damage)
             ... led by Robin
             ... on level 3 of the Dungeon.
             The game lasted 00:15:35 (2397 turns).

Buncs the Bolt Thrower (Kobold Arcane Marksman)     Turns: 2397, Time: 00:15:36

Health: 0/26       AC:  3    Str: 12 (13) XL:     4   Next: 88%
Magic:  5/5        EV: 15    Int: 17 (19) God:
Gold:   141        SH:  0    Dex: 14 (15) Spells: 1 memorised, 4 levels left

rFire  + . .     SeeInvis .     a - +0 hand crossbow
rCold  x . .     Gourm    .     e - +0 robe
rNeg   . . .     Faith    .     (shield restricted)
rPois  .         Spirit   .     u - +0 helmet
rElec  .         Reflect  .     (no cloak)
rCorr  .         Harm     .     (no gloves)
MR     +....                    (no boots)
Stlth  ++........               (no amulet)
                                q - ring of protection from magic
                                m - ring of fire

@: mighty, brilliant
A: carnivore 3
a: no special abilities


You were on level 3 of the Dungeon.
You were not hungry.

You visited 1 branch of the dungeon, and saw 3 of its levels.

You collected 141 gold pieces.

Inventory:

Hand Weapons
 a - a +0 hand crossbow (weapon)
 n - a +0 hunting sling
Missiles
 i - 9 stones (quivered)
 j - 19 arrows
Armour
 e - a +0 robe (worn)
 p - a +0 scale mail
 s - a +0 leather armour
 t - a +0 robe
 u - a +0 helmet (worn)
Jewellery
 m - a ring of fire (left hand)
 q - a ring of protection from magic (right hand)
Books
 c - a book of Debilitation

   Spells                             Type                      Level
   a - Corona                         Hexes                        1
   b - Slow                           Hexes                        2
   c - Gell's Gravitas                Hexes/Translocation          3
   d - Inner Flame                    Hexes/Fire                   3
   e - Cause Fear                     Hexes                        4
   f - Leda's Liquefaction            Hexes/Earth                  4
Comestibles
 k - 2 fruits


   Skills:
 + Level 1.7 Fighting
 + Level 4.7 Crossbows
 + Level 0.4 Throwing
 + Level 2.7 Dodging
 + Level 1.1 Stealth
 + Level 1.1 Spellcasting
 + Level 3.2 Hexes


You had 4 spell levels left.
You knew the following spells:

 Your Spells              Type           Power        Failure   Level  Hunger
a - Corona                Hex            ###....      1%          1    ##.....


Dungeon Overview and Level Annotations

Branches:
Dungeon (3/15)

Altars:
Elyvilon
Kikubaaqudgha
Qazlal
Sif Muna
Yredelemnul
The Shining One

Annotations:
D:3 Robin


Innate Abilities, Weirdness & Mutations

You are small and have problems with some larger weapons.
You are carnivorous and can eat meat at any time.


Message History

It was a scroll of noise.
The goblin barely misses you.
Really attack while wielding your +0 hand crossbow?
Okay, then.
Really attack while wielding your +0 hand crossbow?
Okay, then.
Throwing (i - inventory):
i - 11 stones (quivered)
Press: ? - help, Shift-Dir - straight line, f/p - goblin
Aim: a goblin (severely wounded, unusually strong)
You throw a stone.
The stone hits the goblin but does no damage.
The goblin is severely wounded.
The goblin barely misses you.
Throwing (i - inventory):
i - 10 stones (quivered)
Press: ? - help, Shift-Dir - straight line, f/p - goblin
Aim: a goblin (severely wounded, unusually strong)
You throw a stone. The stone closely misses the goblin.
The stone hits the goblin.
You kill the goblin!
The goblin hits you.
You die...

#.(....... #.#
#.......#. #.#
#......... #.#
#.(...).## ..#
#.........
###.###g(...#.##
#....g.g....)...
####(#.####...#.###
#.@gg((..(.........
######.............
..............###
#############.# #.#
#.#


You could see 2 goblins.

Vanquished Creatures
  4 adders
  A worm (D:2)
  A dart slug (D:2)
  A leopard gecko (D:1)
  6 bats
  A giant cockroach (D:1)
  13 goblins
  5 hobgoblins
  4 jackals (D:2)
  2 frilled lizards
  4 kobolds
  7 rats
49 creatures vanquished.

Notes
Turn   | Place    | Note
-------+----------+-------------------------------------------
     0 | D:1      | Buncs the Kobold Arcane Marksman began the quest for the Orb.
     0 | D:1      | Reached XP level 1. HP: 12/12 MP: 2/2
   160 | D:1      | Reached skill level 3 in Crossbows
   160 | D:1      | Reached XP level 2. HP: 15/16 MP: 3/3
   989 | D:2      | Reached XP level 3. HP: 20/20 MP: 4/4
  1271 | D:2      | Reached skill level 4 in Crossbows
  1485 | D:2      | Reached XP level 4. HP: 14/25 MP: 5/5
  2140 | D:3      | Found a stormy altar of Qazlal.
  2140 | D:3      | Found an ancient bone altar of Kikubaaqudgha.
  2140 | D:3      | Found a deep blue altar of Sif Muna.
  2141 | D:3      | Found a glowing golden altar of the Shining One.
  2141 | D:3      | Found a basalt altar of Yredelemnul.
  2144 | D:3      | Found a white marble altar of Elyvilon.
  2145 | D:3      | Noticed Robin
  2224 | D:3      | Reached skill level 1 in Stealth
  2397 | D:3      | Slain by a goblin

Skill      XL: |  1  2  3  4 |
---------------+-------------+-----
Crossbows      | 3 4 |  4.7
Stealth        | 1 |  1.1
Fighting       | |  1.7
Throwing       | |  0.4
Dodging        | |  2.7
Spellcasting   | |  1.1
Hexes          | |  3.2

Action                   |  1- 3 |  4- 6 || total
-------------------------+-------+-------++-------
 Fire: Hand crossbow     |    65 |    42 ||   107
Throw: Stone             |       |    43 ||    43
  Use: Scroll            |     2 |     1 ||     3
       Potion            |       |     6 ||     6
  Eat: Meat ration       |     1 |       ||     1
Armor: Robe              |     3 |    21 ||    24
       Skin              |       |    13 ||    13
Dodge: Dodged            |    18 |    66 ||    84
